[Event "Titled Tuesday Blitz April 19 Early 2022"]
[White "Postnikov, Daniil"]
[Black "Rustemov, Alexander"]
[WhiteFideId "4166329"]
[BlackFideId "4119002"]
[WhiteElo "2261"]
[BlackElo "2762"]
[Result "1/2-1/2"]
[Round "10"]
[TimeControl "180+1"]
[Date "2022.04.19"]
[WhiteClock "0:00:06"]
[BlackClock "0:00:21"]

1. d4 d5 2. c4 dxc4 3. Nf3 e6 4. e3 a6 5. Bxc4 Nf6 6. O-O Be7 7. Qe2 b5 8. Bd3 Bb7 9. e4 Nbd7 10. Rd1 c5 11. Nc3 c4 12. Bc2 O-O 13. e5 Nd5 14. Qe4 g6 15. Qg4 Re8 16. h4 h5 17. Qg3 Kg7 18. Ne4 Rc8 19. Bg5 Nb4 20. Bb1 Bxe4 21. Bxe4 Nb6 22. Bd2 N6d5 23. Ng5 Bxg5 24. Bxg5 Qd7 25. a3 Nc6 26. Qf3 Nce7 27. Bf6+ Kg8 28. g4 hxg4 29. Qxg4 Nxf6 30. exf6 Nd5 31. Qg5 Qd8 32. Bxd5 exd5 33. Re1 Re4 34. f3 Rxe1+ 35. Rxe1 Qf8 36. Re7 Re8 37. h5 Rxe7 38. fxe7 Qe8 39. Kf2 a5 40. h6 Kh7 41. Qe5 Kxh6 42. f4 b4 43. axb4 axb4 44. Qg5+ Kh7 45. f5 gxf5 46. Qxf5+ Kg7 47. Qg5+ Kh7 48. Qh5+ Kg7 49. Qg5+ Kh7 50. Qh5+ Kg7 51. Qg5+ 1/2-1/2


[Site "https://www.chess.com"]

[Event "Titled Tuesday Blitz April 19 Early 2022"]
[White "Pourkashiyan, Atousa"]
[Black "Agasarov, Benik"]
[WhiteFideId "12502014"]
[BlackFideId "13314823"]
[WhiteElo "2247"]
[BlackElo "2493"]
[Result "0-1"]
[Round "10"]
[TimeControl "180+1"]
[Date "2022.04.19"]
[WhiteClock "0:00:17"]
[BlackClock "0:00:28"]

1. e4 c5 2. Nf3 d6 3. d4 cxd4 4. Nxd4 Nf6 5. Nc3 a6 6. Be2 e5 7. Nb3 Be6 8. O-O Be7 9. f4 exf4 10. Bxf4 O-O 11. Kh1 Nc6 12. Bd3 Rc8 13. Qf3 Ne5 14. Qg3 Nh5 15. Qf2 Ng4 16. Qe2 Nxf4 17. Rxf4 Ne5 18. Nd4 Bg5 19. Rff1 Bg4 20. Qf2 h5 21. Nf5 g6 22. Nd4 h4 23. h3 Bd7 24. Nd5 Be6 25. Nf6+ Kg7 26. Nd5 Bxd5 27. exd5 Nxd3 28. cxd3 Bf6 29. Nf3 Rc5 30. Nh2 Rxd5 31. Qf3 Rb5 32. Rac1 Bxb2 33. Rc4 Be5 34. Ng4 d5 35. Rc2 Bd4 36. Qf4 Rb4 37. Qh6+ Kg8 38. a3 Bg7 39. Qe3 Rb3 40. Nh6+ Bxh6 41. Qxh6 Rxd3 42. Rcf2 Rg3 43. Rf3 Rxf3 44. Rxf3 d4 45. Rf4 Re8 46. Rxh4 Re1+ 47. Kh2 Qd6+ 48. Rf4 Re4 49. g3 Rxf4 50. gxf4 d3 51. Kg2 d2 52. f5 d1=Q 0-1


[Site "https://www.chess.com"]

[Event "Titled Tuesday Blitz April 19 Early 2022"]
[White "Prohorov, Olexandr"]
[Black "Nareks, Matic"]
[WhiteFideId "14105578"]
[BlackFideId "14629526"]
[WhiteElo "1993"]
[BlackElo "2147"]
[Result "0-1"]
[Round "10"]
[TimeControl "180+1"]
[Date "2022.04.19"]
[WhiteClock "0:00:02"]
[BlackClock "0:00:32"]

1. e4 c5 2. c3 d5 3. exd5 Qxd5 4. d4 g6 5. Nf3 Bg7 6. Na3 cxd4 7. Nb5 Na6 8. Be3 Nh6 9. Bxd4 O-O 10. Bxg7 Qxd1+ 11. Rxd1 Kxg7 12. h3 Be6 13. a3 Bb3 14. Rd7 Rad8 15. Rxd8 Rxd8 16. Be2 f6 17. Nxa7 e5 18. Nb5 Nf5 19. O-O Nc5 20. g4 Ne7 21. g5 Ne4 22. gxf6+ Kxf6 23. Re1 Nf5 24. Bf1 Nd2 25. Nxe5 Nh4 26. Ng4+ Kg5 27. Re7 Ndf3+ 28. Kh1 Rd1 29. Ne3 Rxf1+ 30. Nxf1 Bc4 31. Ne3 Bxb5 32. Rxb7 Bc6 33. Rb6 Be4 34. Rb5+ Ne5+ 35. f3 Nxf3 36. Kg2 Nd4+ 37. Kf2 Nxb5 38. a4 Nc7 39. a5 Nd3+ 40. Ke2 Nxb2 0-1


[Site "https://www.chess.com"]

[Event "Titled Tuesday Blitz April 19 Early 2022"]
[White "Przybylski, Wojciech"]
[Black "Palacio,Igor Da Paz"]
[WhiteFideId "1117599"]
[BlackFideId "2121140"]
[WhiteElo "2133"]
[BlackElo "2144"]
[Result "1-0"]
[Round "10"]
[TimeControl "180+1"]
[Date "2022.04.19"]
[WhiteClock "0:00:39"]
[BlackClock "0:00:02"]

1. d4 Nf6 2. c4 g6 3. Nc3 Bg7 4. g3 O-O 5. Bg2 d6 6. Nf3 Nbd7 7. O-O e5 8. dxe5 dxe5 9. Bg5 h6 10. Be3 Qe7 11. h3 c6 12. Qd2 Kh7 13. Rfd1 Nc5 14. g4 Re8 15. Qc2 a5 16. Bd2 h5 17. g5 Nfd7 18. Be3 Nf8 19. Bc1 Bf5 20. e4 Bc8 21. Ne2 Nfe6 22. b3 Rd8 23. Be3 Bd7 24. Rd2 Be8 25. Rad1 Qc7 26. Kf1 Bf8 27. Rxd8 Rxd8 28. Rxd8 Nxd8 29. a3 Nde6 30. Bd2 Be7 31. h4 Kg8 32. Bh3 Kf8 33. b4 axb4 34. axb4 Na6 35. c5 Bd7 36. Qc4 Qc8 37. Kg1 Qb8 38. Bf1 Bd8 39. Nc1 Nac7 40. Nd3 Nb5 41. Ndxe5 Bc7 42. Nxd7+ Ke7 43. Nxb8 Bxb8 1-0


[Site "https://www.chess.com"]

[Event "Titled Tuesday Blitz April 19 Early 2022"]
[White "Richter, Nils"]
[Black "Vusatiuk, Vladimir"]
[WhiteFideId "12990809"]
[BlackFideId "14118610"]
[WhiteElo "2243"]
[BlackElo "2157"]
[Result "1-0"]
[Round "10"]
[TimeControl "180+1"]
[Date "2022.04.19"]
[WhiteClock "0:00:27"]
[BlackClock "0:00:05"]

1. b3 e5 2. Bb2 Nc6 3. c4 Nf6 4. e3 d5 5. cxd5 Nxd5 6. Nc3 Be6 7. Nf3 f6 8. d4 Bb4 9. Rc1 O-O 10. Bc4 Qe8 11. dxe5 Nxc3 12. Bxc3 Bxc4 13. Bxb4 Ba6 14. Bxf8 Qxf8 15. Qd5+ Kh8 16. Qc5 Qe8 17. b4 Nxe5 18. Nxe5 fxe5 19. Rd1 h6 20. f3 e4 21. Kf2 exf3 22. gxf3 Qa4 23. Rd2 Re8 24. Rhd1 Qa3 25. Rd8 Qxa2+ 26. Kg1 Qf7 27. b5 Bxb5 28. Qxb5 Qg6+ 29. Kh1 Rxd8 30. Rxd8+ Kh7 31. Qd3 Qxd3 32. Rxd3 1-0


[Site "https://www.chess.com"]

[Event "Titled Tuesday Blitz April 19 Early 2022"]
[White "Rodchenkov, Vitaly"]
[Black "Sanchez, Robert"]
[WhiteFideId "4152964"]
[BlackFideId "2034360"]
[WhiteElo "2337"]
[BlackElo "2383"]
[Result "1-0"]
[Round "10"]
[TimeControl "180+1"]
[Date "2022.04.19"]
[WhiteClock "0:00:16"]
[BlackClock "0:00:22"]

1. Nf3 d5 2. d4 c6 3. g3 Nf6 4. Bg2 e6 5. O-O Be7 6. c4 O-O 7. Nbd2 Nbd7 8. Qc2 b6 9. e4 Bb7 10. cxd5 cxd5 11. e5 Rc8 12. Qd3 Ne4 13. Re1 Nxd2 14. Bxd2 a6 15. Rac1 b5 16. h4 Rc4 17. b3 Rc6 18. Rxc6 Bxc6 19. Rc1 Qb6 20. Bg5 f6 21. exf6 gxf6 22. Bh6 Re8 23. Re1 Bb4 24. Re2 Nf8 25. Nh2 Qc7 26. Ng4 Qf7 27. Rc2 Bd7 28. h5 e5 29. Bxd5 Be6 30. Rc7 Be7 31. dxe5 Bxd5 32. Bxf8 Kxf8 33. exf6 Qxh5 34. fxe7+ Rxe7 35. Rc8+ Kf7 36. f3 Be6 37. Rc6 Bxg4 38. fxg4 Re1+ 39. Kf2 Qh1 40. Rc7+ Ke6 41. Qf5+ Kd6 42. Qc5+ Ke6 43. Qe7+ 1-0


[Site "https://www.chess.com"]

[Event "Titled Tuesday Blitz April 19 Early 2022"]
[White "Rom, Jasper"]
[Black "Lauridsen, Jesper Morch"]
[WhiteFideId "2023733"]
[BlackFideId "1401890"]
[WhiteElo "2233"]
[BlackElo "2255"]
[Result "1-0"]
[Round "10"]
[TimeControl "180+1"]
[Date "2022.04.19"]
[WhiteClock "0:00:03"]
[BlackClock "0:00:25"]

1. e4 e5 2. Nf3 Nf6 3. Nxe5 d6 4. Nf3 Nxe4 5. Nc3 Nxc3 6. dxc3 Be7 7. Be3 O-O 8. Qd2 Nc6 9. O-O-O Be6 10. Rg1 a5 11. Kb1 a4 12. g4 a3 13. b3 Ne5 14. Nd4 Bxg4 15. Be2 Bxe2 16. Qxe2 Kh8 17. Qh5 Ng6 18. f4 c5 19. Nf3 c4 20. f5 Ra5 21. Qg4 Bf6 22. fxg6 fxg6 23. Bd4 cxb3 24. cxb3 Bxd4 25. Nxd4 Qf6 26. Qe6 Qf2 27. Qe2 Qxe2 28. Nxe2 Rf2 29. Rgf1 Raf5 30. Ng3 R5f3 31. Rxf2 Rxf2 32. Rf1 Rxf1+ 33. Nxf1 g5 34. Kc2 g6 35. Kd3 Kg7 36. Ke4 Kf6 37. Ne3 h5 38. Nc4 Ke6 39. Nxa3 g4 40. Kf4 d5 41. Nc2 b5 42. Nd4+ Kd6 43. Nxb5+ Kc5 44. Nd4 Kd6 45. a4 Kc5 46. b4+ Kc4 47. a5 Kxc3 48. a6 Kxd4 49. a7 h4 50. Kxg4 1-0


[Site "https://www.chess.com"]

[Event "Titled Tuesday Blitz April 19 Early 2022"]
[White "Samant Aditya S"]
[Black "Fromm, Marius"]
[WhiteFideId "35080580"]
[BlackFideId "12993190"]
[WhiteElo "1916"]
[BlackElo "2558"]
[Result "0-1"]
[Round "10"]
[TimeControl "180+1"]
[Date "2022.04.19"]
[WhiteClock "0:00:08"]
[BlackClock "0:00:10"]

1. e4 c5 2. Nf3 d6 3. d4 cxd4 4. Nxd4 Nf6 5. Nc3 a6 6. Be3 e5 7. Nf3 Be7 8. Bc4 O-O 9. O-O Nc6 10. Bb3 Be6 11. Qe2 Na5 12. Rfd1 Nxb3 13. axb3 Qc7 14. Bg5 Rac8 15. Bxf6 Bxf6 16. Rac1 Qc5 17. Nd5 Bd8 18. c4 f5 19. b4 Qc6 20. Rc3 fxe4 21. Nd2 Bxd5 22. cxd5 Qd7 23. Rxc8 Qxc8 24. Nxe4 Qd7 25. g3 Bb6 26. Kg2 Bd4 27. f3 Qf7 28. b3 Qxd5 29. Qc4 Qxc4 30. bxc4 Rd8 31. Rc1 h6 32. Kf1 Kf7 33. Ke2 Ke6 34. Rc2 Rc8 35. Kd3 b5 36. cxb5 Rxc2 37. Kxc2 axb5 38. Kd3 d5 39. Nd2 Bg1 40. h3 Bf2 41. g4 Be1 42. Nb3 Bxb4 43. Ke3 Kd6 44. Kd3 Bc5 45. Kc3 b4+ 46. Kd3 Kc6 47. Nc1 Kb5 48. Kc2 Kc4 49. Nb3 Bb6 50. Nd2+ Kd4 51. Kd1 Ke3 52. Nb3 Kxf3 53. Kd2 e4 54. Ke1 e3 55. Nc1 Ke4 56. Ke2 d4 57. Nd3 b3 58. Nb2 Ba5 59. Nd3 Bc3 60. Nc5+ Kf4 61. Nxb3 Kg3 62. Nc5 Kxh3 63. Ne6 g5 64. Kf3 e2 65. Kxe2 Kxg4 66. Nc5 h5 67. Kf2 h4 68. Kg2 h3+ 69. Kh2 Kh4 70. Nd3 g4 71. Ne5 g3+ 72. Kg1 Kg5 73. Nd3 Bd2 74. Nc5 Be3+ 75. Kf1 g2+ 76. Ke2 g1=Q 77. Kd3 Qd1+ 78. Kc4 Qc2+ 79. Kd5 Qxc5+ 80. Kxc5 h2 0-1


[Site "https://www.chess.com"]

[Event "Titled Tuesday Blitz April 19 Early 2022"]
[White "Sanal, Vahap"]
[Black "Ning, Kaiyu"]
[WhiteFideId "6300545"]
[BlackFideId "8614750"]
[WhiteElo "2603"]
[BlackElo "2013"]
[Result "0-1"]
[Round "10"]
[TimeControl "180+1"]
[Date "2022.04.19"]
[WhiteClock "0:01:28"]
[BlackClock "0:02:00"]

1. Nf3 d5 2. b3 Bf5 3. Bb2 e6 4. g3 h6 5. Bg2 Nf6 6. O-O Be7 7. d3 O-O 8. Nbd2 a5 9. Re1 a4 10. e4 Bh7 11. Qe2 c6 12. Rad1 axb3 13. axb3 Ra2 14. Rb1 Na6 15. Red1 Qb6 16. h3 Nb4 17. c3 Nxd3 18. Qxd3 dxe4 19. Qc4 exf3 20. Nxf3 Bxb1 21. Rxb1 Ba3 22. Qe2 Qxb3 23. Nd4 Rxb2 0-1


[Site "https://www.chess.com"]

[Event "Titled Tuesday Blitz April 19 Early 2022"]
[White "Sanchez Alvares, Kelvin Antonio"]
[Black "Dang, Hoang Son"]
[WhiteFideId "3906680"]
[BlackFideId "12402435"]
[WhiteElo "2193"]
[BlackElo "2252"]
[Result "0-1"]
[Round "10"]
[TimeControl "180+1"]
[Date "2022.04.19"]
[WhiteClock "0:00:04"]
[BlackClock "0:00:15"]

1. e4 e5 2. Nf3 Nc6 3. Bb5 Nf6 4. O-O Nxe4 5. d4 Nd6 6. dxe5 Nxb5 7. a4 Nbd4 8. Nxd4 Nxd4 9. Qxd4 d5 10. exd6 Qxd6 11. Qe4+ Qe6 12. Qd4 Qd6 13. Qe4+ Qe6 14. Qd4 Bd6 15. Qxg7 Be5 16. Qh6 Qxh6 17. Bxh6 Bxb2 18. Re1+ Be6 19. Ra2 Bf6 20. c4 O-O-O 21. Rc2 Rd4 22. Nd2 Rhd8 23. Be3 Rd3 24. Ne4 Bd4 25. Nc5 Bxc5 26. Bxc5 b6 27. Be3 Rd1 28. Kf1 Kb7 29. c5 Bb3 30. c6+ Ka6 31. Rc3 Bxa4 32. Rxd1 Rxd1+ 33. Ke2 Rd6 34. Bf4 Re6+ 35. Kd3 Bxc6 36. f3 Bb5+ 37. Kd4 c5+ 38. Kd5 Kb7 39. Re3 Bc6+ 40. Kc4 a6 41. h4 h5 42. Bg5 Kc7 43. Bf4+ Kd7 44. Rd3+ Kc8 45. Re3 Bb5+ 46. Kd5 Kd7 47. Be5 Bf1 48. g4 f6 49. Bf4 Rxe3 50. Bxe3 Bg2 51. gxh5 Bxf3+ 52. Kc4 Bxh5 53. Bf4 Kc6 0-1


[Site "https://www.chess.com"]

[Event "Titled Tuesday Blitz April 19 Early 2022"]
[White "Sarkar, Justin"]
[Black "Nogerbek, Kazybek"]
[WhiteFideId "2010011"]
[BlackFideId "13710427"]
[WhiteElo "2038"]
[BlackElo "2466"]
[Result "0-1"]
[Round "10"]
[TimeControl "180+1"]
[Date "2022.04.19"]
[WhiteClock "0:00:02"]
[BlackClock "0:01:54"]

1. d4 e5 2. dxe5 Nc6 3. Nf3 d6 4. Bg5 Qd7 5. exd6 Bxd6 6. Nc3 h6 7. Bh4 Nge7 8. e4 Qe6 9. Bd3 Bd7 10. O-O O-O-O 11. Nb5 Bf4 12. Bg3 g5 13. Bxf4 gxf4 14. Qc1 Ng6 15. Nfd4 Nxd4 16. Nxd4 Qf6 17. Nf5 Rhg8 18. Kh1 Bxf5 19. exf5 Nh4 20. Be4 Rd4 21. Qxf4 Nxg2 22. Qf3 Nh4 23. Bxb7+ Kb8 24. Qc6 Rd6 25. Qe4 Nxf5 26. Rg1 Rgd8 0-1


[Site "https://www.chess.com"]

[Event "Titled Tuesday Blitz April 19 Early 2022"]
[White "Seemann, Jakub"]
[Black "Dobre, Claudiu-Cristian"]
[WhiteFideId "21874697"]
[BlackFideId "1211854"]
[WhiteElo "2003"]
[BlackElo "2207"]
[Result "1-0"]
[Round "10"]
[TimeControl "180+1"]
[Date "2022.04.19"]
[WhiteClock "0:02:10"]
[BlackClock "0:00:19"]

1. Nf3 d5 2. b3 Nf6 3. Bb2 e6 4. g3 b6 5. Bg2 Bb7 6. O-O Nbd7 7. c4 Be7 8. d4 O-O 9. Nbd2 c5 10. cxd5 Nxd5 11. Nc4 b5 12. Nce5 Nxe5 13. Nxe5 cxd4 14. Qxd4 Bf6 15. Rfd1 Qb6 16. Qg4 Rad8 17. Bd4 Qa5 18. Bxd5 Bxd5 19. Nc6 h5 20. Ne7+ 1-0


[Site "https://www.chess.com"]

[Event "Titled Tuesday Blitz April 19 Early 2022"]
[White "Shimanov, Aleksandr"]
[Black "Grischuk, Alexander"]
[WhiteFideId "4198603"]
[BlackFideId "4126025"]
[WhiteElo "2636"]
[BlackElo "2762"]
[Result "1/2-1/2"]
[Round "10"]
[TimeControl "180+1"]
[Date "2022.04.19"]
[WhiteClock "0:00:16"]
[BlackClock "0:00:10"]

1. e4 e5 2. Nf3 Nc6 3. Nc3 Nf6 4. h3 g6 5. Bc4 Bg7 6. d3 d6 7. a4 O-O 8. Bg5 h6 9. Be3 Be6 10. Qd2 Kh7 11. Bxe6 fxe6 12. d4 exd4 13. Nxd4 Nxd4 14. Bxd4 Nh5 15. Bxg7 Kxg7 16. O-O Qg5 17. Qxg5 hxg5 18. g3 Kf6 19. Kg2 Ke5 20. a5 a6 21. Ra4 Rab8 22. Nd1 Kf6 23. Ne3 Ke7 24. e5 dxe5 25. Ng4 Rfd8 26. Rc4 c6 27. Nxe5 Rd5 28. Re1 Rxa5 29. Rce4 Ng7 30. Nxg6+ Kf6 31. Ne5 Rd8 32. R1e2 Rad5 33. f4 gxf4 34. Rxf4+ Nf5 35. Nf3 Ke7 36. c4 Nd4 37. cxd5 Nxe2 38. Re4 Nc1 39. Rxe6+ Kd7 40. Ne5+ Kc7 41. Re7+ Kd6 42. Ng6 cxd5 43. Rxb7 Nd3 44. Rb6+ Kc5 45. Rxa6 d4 46. Ra3 Nxb2 47. Rb3 Nc4 48. Nf4 Ne5 49. Ra3 d3 50. Ra1 d2 51. Rd1 Nc4 52. Kf3 Nb2 53. Ne6+ Kc4 54. Nxd8 Nxd1 55. Ke2 Nf2 56. Kxd2 Nxh3 57. Ke3 Kd5 58. Nf7 Ke6 59. Nh6 Kf6 60. Ng4+ Kg6 61. Nf2 Nxf2 62. Kxf2 Kg5 63. Kf3 Kf5 64. g4+ Kg5 65. Kg3 Kg6 66. Kf4 Kf6 67. g5+ Kg6 68. Kg4 Kg7 69. Kf5 Kf7 70. g6+ Kg7 71. Kg5 Kg8 72. Kf6 Kf8 73. g7+ Kg8 74. Kg6 1/2-1/2


[Site "https://www.chess.com"]

[Event "Titled Tuesday Blitz April 19 Early 2022"]
[White "Shimelkov, Vasiliy"]
[Black "Aaditya Dhingra"]
[WhiteFideId "13701630"]
[BlackFideId "25678191"]
[WhiteElo "2073"]
[BlackElo "1849"]
[Result "1-0"]
[Round "10"]
[TimeControl "180+1"]
[Date "2022.04.19"]
[WhiteClock "0:01:06"]
[BlackClock "0:00:27"]

1. d4 Nf6 2. Nf3 e6 3. c4 b6 4. g3 Bb7 5. Bg2 Be7 6. O-O O-O 7. Nc3 d6 8. Qc2 c5 9. e4 Nc6 10. Rd1 Qc8 11. b3 cxd4 12. Nxd4 Nxd4 13. Rxd4 Qc5 14. Rd1 Rac8 15. Be3 Qh5 16. h3 d5 17. exd5 exd5 18. Qe2 Qf5 19. Nxd5 Nxd5 20. cxd5 Bf6 21. Rac1 Rxc1 22. Bxc1 h5 23. Bb2 Rc8 24. Bxf6 gxf6 25. d6 Rc2 26. Qe3 Bxg2 27. d7 Qxh3 28. d8=Q+ Kg7 29. Qh8+ Kxh8 30. Qh6+ 1-0


[Site "https://www.chess.com"]

[Event "Titled Tuesday Blitz April 19 Early 2022"]
[White "Shirov, Alexei"]
[Black "Vokhidov, Shamsiddin"]
[WhiteFideId "2209390"]
[BlackFideId "14204223"]
[WhiteElo "2678"]
[BlackElo "2611"]
[Result "0-1"]
[Round "10"]
[TimeControl "180+1"]
[Date "2022.04.19"]
[WhiteClock "0:00:02"]
[BlackClock "0:00:06"]

1. e4 c5 2. Nc3 Nc6 3. Nge2 Nf6 4. d4 cxd4 5. Nxd4 d6 6. Bg5 Bd7 7. Bxf6 gxf6 8. Be2 Nxd4 9. Qxd4 Bg7 10. O-O O-O 11. Qd3 Qa5 12. Nd5 e6 13. Nf4 Bc6 14. Nh5 Qe5 15. Nxg7 Bxe4 16. Qe3 Kxg7 17. c3 Bg6 18. Rad1 Qxe3 19. fxe3 d5 20. h4 h6 21. Bf3 Rac8 22. Rd4 Rc5 23. Rg4 f5 24. Rb4 b6 25. h5 Bh7 26. Kh2 Rfc8 27. Be2 Kf6 28. g4 Rg8 29. Bd3 Rg5 30. Kg3 e5 31. Kh4 e4 32. Be2 Ke5 33. Rd4 f6 34. c4 fxg4 35. b4 Rxc4 36. Bxc4 dxc4 37. Rxc4 Bf5 38. Rg1 Be6 39. Rc7 Rf5 40. Rxg4 Rf3 41. Rg3 Rf2 42. Rg1 Rh2+ 43. Kg3 Rh3+ 44. Kf2 Rxh5 45. Rxa7 Rf5+ 46. Ke1 Rf3 47. Ra3 h5 48. Rh1 Bg4 49. Rc3 Rg3 50. a4 Rg2 51. a5 bxa5 52. Rc5+ Kd6 53. Rxa5 Rb2 54. Rhxh5 Bxh5 55. Rxh5 Rxb4 56. Kf2 Rb3 57. Rf5 Ke6 58. Ra5 f5 59. Ra6+ Ke5 60. Ra5+ Kf6 61. Ra8 Rb2+ 62. Kg3 Re2 63. Ra3 Kg5 64. Rb3 Rd2 65. Rb8 Rd1 66. Rg8+ Kf6 67. Rf8+ Ke6 68. Re8+ Kf7 69. Ra8 Rf1 70. Kh4 Rf3 71. Kg5 Ke6 72. Ra6+ Kd5 73. Ra5+ Kc4 74. Rxf5 Kd3 75. Ra5 Kxe3 76. Ra4 Kd3 77. Ra3+ Ke2 78. Ra2+ Ke3 79. Kg4 Rf8 0-1


[Site "https://www.chess.com"]

[Event "Titled Tuesday Blitz April 19 Early 2022"]
[White "Shohat, Yotam"]
[Black "Rozman, Levy"]
[WhiteFideId "2813955"]
[BlackFideId "2039877"]
[WhiteElo "2119"]
[BlackElo "2376"]
[Result "0-1"]
[Round "10"]
[TimeControl "180+1"]
[Date "2022.04.19"]
[WhiteClock "0:00:02"]
[BlackClock "0:01:22"]

1. e4 d5 2. exd5 Nf6 3. Nf3 Bg4 4. Be2 Qxd5 5. c4 Qf5 6. Nc3 Nc6 7. h3 Bxf3 8. Bxf3 e5 9. O-O Bd6 10. b4 O-O 11. c5 Be7 12. Qa4 Nd4 13. Bxb7 Rab8 14. Qxa7 e4 15. Re1 c6 16. Ba8 Rfe8 17. Bb7 Qd7 18. Nxe4 Rxb7 19. Nxf6+ gxf6 20. Qa4 Reb8 21. Bb2 Rxb4 0-1


[Site "https://www.chess.com"]

[Event "Titled Tuesday Blitz April 19 Early 2022"]
[White "Simonovic, Miroslav"]
[Black "Redor, Menandro"]
[WhiteFideId "919152"]
[BlackFideId "5222010"]
[WhiteElo "2043"]
[BlackElo "1986"]
[Result "0-1"]
[Round "10"]
[TimeControl "180+1"]
[Date "2022.04.19"]
[WhiteClock "0:00:06"]
[BlackClock "0:00:14"]

1. d4 c6 2. Bg5 d5 3. e3 Bf5 4. Bd3 Bg6 5. h4 Nd7 6. h5 Bxd3 7. Qxd3 h6 8. Bh4 Qb6 9. b3 e5 10. dxe5 Nxe5 11. Qd4 Bd6 12. Nd2 Ne7 13. Bxe7 Kxe7 14. Qh4+ f6 15. Ngf3 Rhe8 16. O-O Kf8 17. Rac1 Nxf3+ 18. Nxf3 Re4 19. Qh3 Rae8 20. Rfd1 Bb8 21. Nd2 Rxe3 22. Qf5 Re2 23. c4 d4 24. c5 Qc7 25. Nf3 Qf4 26. Qg6 Be5 27. Rc4 Rxa2 28. Nxd4 Bxd4 29. Rcxd4 Qxf2+ 30. Kh1 Re1+ 31. Rxe1 Qxe1+ 32. Kh2 Qe5+ 33. Qg3 Qxd4 34. Qb8+ Ke7 35. Qxb7+ Qd7 36. Qb4 Qc7+ 37. Kh3 Re2 38. Qg4 Qd7 39. g3 Rh2+ 40. Kxh2 Qxg4 41. Kg2 f5 42. Kf2 Ke6 43. b4 Kd5 44. b5 Kxc5 45. b6 Kxb6 46. Ke3 Qxg3+ 47. Kd4 Qg5 48. Ke5 Qxh5 49. Ke6 Qe8+ 50. Kxf5 Qe7 51. Kf4 Qc5 52. Kg4 g6 53. Kf3 Qe5 54. Kg4 Qf5+ 55. Kg3 g5 56. Kg2 Qf4 57. Kh3 h5 58. Kg2 g4 59. Kh1 Qd2 60. Kg1 h4 61. Kf1 g3 62. Kg1 h3 0-1


[Site "https://www.chess.com"]

[Event "Titled Tuesday Blitz April 19 Early 2022"]
[White "Smietanska, Wiktoria"]
[Black "Quirke, Jeffrey"]
[WhiteFideId "21869359"]
[BlackFideId "2013029"]
[WhiteElo "1893"]
[BlackElo "2173"]
[Result "1-0"]
[Round "10"]
[TimeControl "180+1"]
[Date "2022.04.19"]
[WhiteClock "0:00:03"]
[BlackClock "0:00:01"]

1. c4 e6 2. Nc3 d5 3. cxd5 exd5 4. d4 c6 5. Nf3 Bf5 6. Bf4 Bd6 7. Bxd6 Qxd6 8. e3 Nd7 9. Bd3 Bxd3 10. Qxd3 Ngf6 11. O-O O-O 12. Rab1 Rfe8 13. b4 a6 14. a4 Nb6 15. b5 cxb5 16. axb5 a5 17. Rfc1 a4 18. Ra1 a3 19. Ra2 Ra5 20. Ne2 Ne4 21. Nd2 Nxd2 22. Qxd2 Rea8 23. Qd3 g6 24. Nf4 Qb4 25. Rc5 Qb2 26. Rc2 Qb1+ 27. Qf1 Qb3 28. Qc1 Rxb5 29. g3 Qb1 30. Kg2 Qxc1 31. Rxc1 Rb2 32. Rca1 Rxa2 33. Rxa2 Kf8 34. Kf1 Ke7 35. Ke2 Kd6 36. Kd3 Nc4 37. Kc3 b5 38. Kb4 Kc6 39. Nd3 Ra4+ 40. Kc3 f6 41. Nb4+ Kd6 42. Nc2 h5 43. Nb4 Ra8 44. h4 g5 45. hxg5 fxg5 46. Nd3 h4 47. gxh4 gxh4 48. Kb4 Rh8 49. Ra1 h3 50. Rh1 h2 51. Kb3 Rh4 52. Ne1 b4 53. Nf3 Rh3 54. Ng5 Nd2+ 55. Kxb4 Rh5 56. Kxa3 Rxg5 57. Rxh2 Ne4 58. Rh6+ Kd7 59. f4 Rg3 60. Rh7+ Ke6 61. Rh6+ Nf6 62. Kb4 Rxe3 63. Kc5 Rc3+ 64. Kb4 Rf3 65. Kc5 Rxf4 66. Rh8 Rf3 67. Ra8 Rc3+ 68. Kb5 Rc4 69. Ra6+ Kf5 70. Rd6 Rxd4 71. Kc5 Rd1 72. Rd8 Rc1+ 73. Kd4 1-0


[Site "https://www.chess.com"]

[Event "Titled Tuesday Blitz April 19 Early 2022"]
[White "Sovetbekova, Nurai"]
[Black "Hernandez Bermudez, Ulises Eduardo"]
[WhiteFideId "13801910"]
[BlackFideId "3902510"]
[WhiteElo "1538"]
[BlackElo "2056"]
[Result "0-1"]
[Round "10"]
[TimeControl "180+1"]
[Date "2022.04.19"]
[WhiteClock "0:00:01"]
[BlackClock "0:00:19"]

1. d4 Nf6 2. c4 g6 3. g3 Bg7 4. Bg2 O-O 5. Nf3 d6 6. O-O Nc6 7. Nc3 e5 8. dxe5 Nxe5 9. Nxe5 dxe5 10. Qxd8 Rxd8 11. Bg5 Rd4 12. b3 h6 13. Bxf6 Bxf6 14. Nd5 Bd8 15. e3 Rd2 16. Rfd1 Rxd1+ 17. Rxd1 c6 18. Nc3 Be6 19. Ne4 Be7 20. Kf1 a5 21. Ke2 a4 22. Nd6 axb3 23. axb3 Ra3 24. Nxb7 Rxb3 25. Na5 Rb2+ 26. Kf1 c5 27. Bd5 Bh3+ 28. Ke1 Kg7 29. Nc6 Bf6 30. Ra1 e4 31. Rc1 Bf5 32. Na7 Bd8 33. Nb5 Ba5+ 34. Kf1 Bb4 35. Nd6 Bh3+ 36. Kg1 f5 37. Ne8+ Kh7 38. Nf6+ Kg7 39. Nd7 Bg4 40. Ne5 Bh3 41. Nc6 Bc3 42. Nd8 Bf6 43. Ne6+ Kh7 44. Nxc5 g5 45. Nd7 Bc3 46. c5 Ba5 47. c6 Kg6 48. Nf8+ Kh5 49. Ne6 Kg4 50. c7 Bxc7 51. Nxc7 Kf3 52. Bc4 Rxf2 53. Nd5 Rg2+ 54. Kh1 Rf2 55. Nc7 Bg2+ 0-1


[Site "https://www.chess.com"]

[Event "Titled Tuesday Blitz April 19 Early 2022"]
[White "Svane, Frederik"]
[Black "Janaszak, Dawid"]
[WhiteFideId "12923044"]
[BlackFideId "1119206"]
[WhiteElo "2459"]
[BlackElo "2199"]
[Result "1-0"]
[Round "10"]
[TimeControl "180+1"]
[Date "2022.04.19"]
[WhiteClock "0:00:38"]
[BlackClock "0:00:08"]

1. e4 c5 2. Nf3 Nc6 3. Bb5 g6 4. O-O Bg7 5. d3 Nf6 6. Bxc6 bxc6 7. e5 Ng4 8. Qe1 f6 9. Bf4 O-O 10. exf6 Nxf6 11. Nc3 d6 12. Rb1 e5 13. Bg5 h6 14. Bxf6 Qxf6 15. Ne4 Qe7 16. b4 cxb4 17. Qxb4 c5 18. Qb3+ Be6 19. Qb7 Qxb7 20. Rxb7 Bd5 21. Rd7 Rad8 22. Rxd6 Rxd6 23. Nxd6 Rb8 24. c4 Bxf3 25. gxf3 Rb2 26. Ne4 Rxa2 27. Nxc5 a5 28. Rb1 a4 29. Rb8+ Kf7 30. Rb7+ Kg8 31. Ra7 a3 32. Ne4 h5 33. Kg2 Bh6 34. Nc3 Ra1 35. c5 Bd2 36. c6 Rc1 37. Rxa3 Bxc3 38. Ra8+ Kf7 39. c7 Bd4 40. c8=Q 1-0


[Site "https://www.chess.com"]

[Event "Titled Tuesday Blitz April 19 Early 2022"]
[White "Svane, Rasmus"]
[Black "Nakamura, Hikaru"]
[WhiteFideId "4657101"]
[BlackFideId "2016192"]
[WhiteElo "2645"]
[BlackElo "2850"]
[Result "1/2-1/2"]
[Round "10"]
[TimeControl "180+1"]
[Date "2022.04.19"]
[WhiteClock "0:00:10"]
[BlackClock "0:00:14"]

1. Nf3 d5 2. g3 Nf6 3. Bg2 e6 4. O-O Be7 5. c4 O-O 6. b3 c5 7. cxd5 Nxd5 8. Nc3 Bf6 9. Bb2 b6 10. d4 Bb7 11. Ne4 Nd7 12. Nxf6+ N5xf6 13. Rc1 Qe7 14. Qd2 Rfd8 15. Rfd1 a5 16. dxc5 Nxc5 17. Qe3 Bd5 18. Ne5 Qb7 19. Bxd5 Nxd5 20. Qf3 f6 21. Nc4 a4 22. Bd4 axb3 23. axb3 Rac8 24. h4 Qe7 25. h5 b5 26. Na5 Qa7 27. b4 Nxb4 28. Nb3 Nba6 29. Nxc5 Nxc5 30. Qe3 Qa4 31. Ra1 Qb3 32. Rdb1 Qxe3 33. Bxe3 Ne4 34. Rxb5 Rd7 35. Rb2 h6 36. Kg2 Kf7 37. f3 Nc3 38. Rc2 Rdc7 39. Rac1 Nd5 40. Rxc7+ Rxc7 41. Rxc7+ Nxc7 42. g4 e5 43. Bc5 Ne6 44. Bb4 Nf4+ 45. Kf2 g6 46. hxg6+ Kxg6 47. Bd2 Ne6 48. e4 h5 49. gxh5+ Kxh5 50. Kg3 Nc5 51. Be3 Na4 52. f4 Nc3 53. fxe5 Nxe4+ 54. Kf4 fxe5+ 55. Kxe5 1/2-1/2


[Site "https://www.chess.com"]